 Dungeon Crawl Stone Soup version 0.16.1-30-g34a7ffa (webtiles) character file.

1207 CcS the Destroyer (level 8, -5/41 HPs)
             Began as a Tengu Air Elementalist on June 25, 2015.
             Slain by a sky beast (6 damage)
             ... on level 4 of the Dungeon.
             The game lasted 00:13:21 (6074 turns).

CcS the Destroyer (Tengu Air Elementalist)          Turns: 6074, Time: 00:13:21

Health: -5/41      AC:  3    Str:  8    XL:     8   Next: 45%
Magic:  5/20       EV: 14    Int: 23    God:
Gold:   201        SH:  0    Dex: 15    Spells: 3 memorised, 9 levels left

rFire  . . .     SeeInvis .     y - +2 short sword (speed)
rCold  . . .     Clarity  .     u - +0 leather armour (curse)
rNeg   . . .     SustAb   .     (no shield)
rPois  +         Gourm    .     (helmet restricted)
rElec  .         Spirit   .     (no cloak)
rCorr  .         Warding  .     (no gloves)
rMut   .         Stasis   .     (boots unavailable)
MR     .....                    (no amulet)
Stlth  ++........               (no ring)
                                (no ring)

@: brilliant, sluggish, flying quickly and evasively, very slow, not resistant
to hostile enchantments, unstealthy
A: able to fly, beak, horns 1, talons 3, poison resistance, screaming 1
a: no special abilities


You were on level 4 of the Dungeon.
You were hungry.

You visited 1 branch of the dungeon, and saw 5 of its levels.

You collected 201 gold pieces.

Inventory:

Hand weapons
 h - a +0 dagger
   (You took it off a kobold on level 1 of the Dungeon)
 i - a +0 club
   (You took it off a hobgoblin on level 1 of the Dungeon)
 k - a +0 hand axe
   (You found it on level 1 of the Dungeon)
 y - a +2 short sword of speed (weapon)
   (You took it off an orc on level 4 of the Dungeon)
Missiles
 B - 8 curare-tipped needles
Armour
 a - a +0 robe
 o - a +0 pair of boots
   (You found it on level 2 of the Dungeon)
 u - a cursed +0 leather armour (worn)
   (You found it on level 2 of the Dungeon)
 I - a +0 cloak
   (You took it off Crazy Yiuf on level 5 of the Dungeon)
Jewellery
 d - an uncursed amulet of guardian spirit {unknown}
   (You found it on level 1 of the Dungeon)
 m - a cursed ring of stealth {unknown}
   (You found it on level 1 of the Dungeon)
Magical devices
 t - a wand of slowing (19)
   (You found it on level 2 of the Dungeon)
Scrolls
 e - 4 scrolls of remove curse {unknown}
 j - a scroll of amnesia {unknown}
 l - a scroll of immolation {unknown}
 n - 7 scrolls of identify {unknown}
 p - 4 scrolls of magic mapping {unknown}
 r - 2 scrolls of fear {unknown}
 v - 3 scrolls of recharging {unknown}
Potions
 g - a potion of mutation {!q}
 q - a potion of berserk rage {unknown}
 s - a potion of degeneration {unknown}
 x - a potion of might {unknown}
 C - a potion of resistance {unknown}
 J - 2 potions of cancellation {unknown}
Books
 b - a book of Air
 w - a book of Fire
   (You found it on level 3 of the Dungeon)
 D - a book of Death
   (You found it on level 4 of the Dungeon)
 E - a Necronomicon {highlevel, unknown}
   (You found it on level 4 of the Dungeon)
Comestibles
 c - 4 bread rations {@e1}
 f - 4 beef jerkies
 z - 2 slices of pizza


   Skills:
 - Level 2.1 Dodging
 - Level 2.0 Stealth
 - Level 4.1 Spellcasting
 + Level 8.8 Conjurations
 + Level 8.8 Air Magic


You had 9 spell levels left.
You knew the following spells:

 Your Spells              Type           Power        Failure   Level  Hunger
a - Shock                 Conj/Air       ####         1%          1    None
b - Static Discharge      Conj/Air       ######..     1%          3    ##.....
c - Swiftness             Chrm/Air       #####...     1%          2    #......


Dungeon Overview and Level Annotations

Branches:
Dungeon (5/15)
 Temple: D:4-7

Altars:
Ashenzari
Okawaru
Xom
Zin
The Shining One


Innate Abilities, Weirdness & Mutations

You can fly.
You have a beak for a mouth.
You have claws for feet.
You have a pair of small horns on your head.
Your system is resistant to poisons.
You occasionally shout uncontrollably at your foes.


Message History

The zap hits the sky beast.
The sky beast appears unharmed.
You now have 17/20 mp.
Aim: a sky beast The zap misses the sky beast.
The sky beast flickers out of sight!
Deactivating autopickup; reactivate with Ctrl-A.
You now have 16/20 mp.
Something hits you but does no damage.
You climb upwards.
A jackal comes into view.
There is a stone staircase leading down here.
You feel quick. Something hits you. Something shocks you.
You take 7 damage, and have 34/41 hp.
You now have 15/20 mp.
Unknown command.
You can't see any susceptible monsters within range! (Use Z to cast anyway.) Some blue arcs ground themselves harmlessly around you.
A sky beast appears from thin air!
Reactivating autopickup.
The sky beast hits you but does no damage.
You now have 12/20 mp.
You don't know that spell.
Okay, then.
Some blue arcs ground themselves harmlessly around you.
The sky beast misses you.
You now have 9/20 mp.
Unknown command.
The air around you crackles with electrical energy.
You are feeling hungry.
The sky beast hits you but does no damage.
You now have 6/20 mp.
Unknown command.
The air around you crackles with electrical energy.
The sky beast misses you.
You now have 3/20 mp.
Unknown command.
The air around you crackles with electrical energy.
The sky beast hits you but does no damage.
You now have 1/20 mp.
Unknown command.
You closely miss the sky beast. Your kick misses the sky beast.
You peck the sky beast. The sky beast hits you. The sky beast shocks you.
You take 8 damage, and have 26/41 hp.
You hit the sky beast but do no damage.
You claw the sky beast, but do no damage.
Your peck misses the sky beast. You hit the sky beast. You claw the sky beast.
The sky beast misses you.
You hit the sky beast.
You peck the sky beast, but do no damage.
The sky beast hits you but does no damage.
You closely miss the sky beast. The sky beast hits you.
The sky beast shocks you.
You take 8 damage, and have 19/41 hp.
You are too injured to fight recklessly!
You are too injured to fight recklessly!
Unknown command.
Drink which item? (? for menu, Esc to quit)
It was a potion of mutation.
You feel extremely strange. A pair of horns grows on your head!
You feel resistant to poisons.
You feel the urge to shout. The sky beast hits you. The sky beast shocks you.
You take 6 damage, and have 13/41 hp.
Drink which item? (? for menu, Esc to quit)
It was a potion of curing.
You feel better.
You start to feel a little slower.
The sky beast hits you. The sky beast shocks you.
* * * LOW HITPOINT WARNING * * *
You take 1 damage, and have 12/41 hp.
Drink which item? (? for menu, Esc to quit)
Okay, then.
The sky beast flickers out of sight!
Deactivating autopickup; reactivate with Ctrl-A.
You feel sluggish.
Drink which item? (? for menu, Esc to quit)
It was a potion of brilliance.
You feel clever all of a sudden.
Drink which item? (? for menu, Esc to quit)
It was a potion of flight.
You feel very buoyant.
You swoop lightly up into the air.
Something barely misses you. Something hits you.
* * * LOW HITPOINT WARNING * * *
Something shocks you.
* * * LOW HITPOINT WARNING * * *
You take 6 damage, and have 7/41 hp.
Unknown command.
Drink which item? (? for menu, Esc to quit)
You feel better. Something barely misses you.
You regained 7 hp, and now have 14/41 hp.
You're already flying!
You're already flying!
Something hits you.
* * * LOW HITPOINT WARNING * * *
Something shocks you.
* * * LOW HITPOINT WARNING * * *
You take 9 damage, and have 6/41 hp.
MASSIVE DAMAGE!!
You start to feel a little faster.
Something hits you.
* * * LOW HITPOINT WARNING * * *
Something shocks you.
You die...

#.##..#######################.
#.#......# #. #.#..##### #.
#.#..#.######## ##
####.####........# .....#
#.######.#
#########........################
..................h.............>
##########..###.@###############.
# #......##..# #... #
#...'......# #.## # #...#..###.#
#.# # ####'##...##.# #.# ##
#.....##..##.######### #.## .#
#.....##..##'##......# #.#. .#
#.....##.[....#......#####.#. .#
#.....##†.....#......'.....#.


You could see a jackal.

Vanquished Creatures
  The ghost of foxtale the Destroyer, an experienced DsWz of Vehumet (D:5)
  Edmund (D:5)
  Menkaure (D:5)
  An ogre (D:5)
  A water moccasin skeleton (D:5)
  A giant frog zombie (D:5)
  Crazy Yiuf (D:5)
  A centaur skeleton (D:4)
  A giant frog skeleton (D:5)
  2 orc wizards (D:5)
  5 worker ants
  A killer bee zombie (D:5)
  Ijyb (D:2)
  A gnoll (D:2)
  A hound skeleton (D:5)
  A mummy (D:4)
  7 adders
  A shadow imp (D:5)
  A white imp (D:4)
  3 worms
  8 giant geckos
  2 oozes
  20 orcs
  7 bats
  3 giant cockroaches
  6 hobgoblins
  8 jackals
  11 kobolds
  A ball python (D:1)
  6 giant newts
  12 goblins
  A goblin skeleton (D:4)
  4 goblin zombies (D:4)
  2 hobgoblin zombies (D:4)
  2 kobold skeletons (D:4)
  2 kobold zombies (D:4)
  3 orc skeletons (D:4)
  2 quokkas
  17 rats
150 creatures vanquished.

Notes
Turn   | Place    | Note
--------------------------------------------------------------
     0 | D:1      | CcS, the Tengu Air Elementalist, began the quest for the Orb.
     0 | D:1      | Reached XP level 1. HP: 10/10 MP: 3/3
    40 | D:1      | Reached skill level 2 in Conjurations
   180 | D:1      | Reached XP level 2. HP: 10/15 MP: 1/5
   217 | D:1      | Reached skill level 3 in Conjurations
  1099 | D:2      | Reached XP level 3. HP: 19/19 MP: 5/7
  1125 | D:2      | Found an iron altar of Okawaru.
  1433 | D:2      | Learned a level 3 spell: Static Discharge
  1436 | D:2      | Learned a level 2 spell: Swiftness
  1529 | D:2      | Reached XP level 4. HP: 24/24 MP: 5/9
  1567 | D:2      | Reached skill level 3 in Spellcasting
  2054 | D:3      | Noticed Ijyb
  2105 | D:2      | Killed Ijyb
  2199 | D:3      | Reached XP level 5. HP: 25/28 MP: 0/14
  2256 | D:2      | Reached skill level 4 in Spellcasting
  2940 | D:3      | Found a glowing silver altar of Zin.
  3128 | D:4      | Found a glowing golden altar of the Shining One.
  3156 | D:4      | Reached skill level 4 in Conjurations
  3382 | D:4      | Reached XP level 6. HP: 27/32 MP: 6/17
  3463 | D:4      | Reached skill level 5 in Air Magic
  3560 | D:4      | Found a sand-covered staircase.
  3906 | D:4      | Reached skill level 5 in Conjurations
  4371 | D:5      | Entered Level 5 of the Dungeon
  4452 | D:5      | Found a shattered altar of Ashenzari.
  4519 | D:5      | Reached skill level 6 in Air Magic
  4609 | D:5      | Noticed foxtale's ghost (experienced DsWz)
  4618 | D:5      | Killed foxtale's ghost
  4618 | D:5      | Reached skill level 6 in Conjurations
  4618 | D:5      | Reached skill level 7 in Air Magic
  4618 | D:5      | Reached XP level 7. HP: 16/36 MP: 0/18
  4817 | D:5      | Reached skill level 7 in Conjurations
  4945 | D:5      | Noticed Menkaure
  4979 | D:5      | Noticed Edmund
  4994 | D:5      | Killed Edmund
  4994 | D:5      | Reached XP level 8. HP: 27/41 MP: 3/20
  5171 | D:5      | Reached skill level 8 in Air Magic
  5224 | D:5      | Killed Menkaure
  5224 | D:5      | Reached skill level 8 in Conjurations
  5765 | D:5      | Found a shimmering altar of Xom.
  5983 | D:5      | Noticed Crazy Yiuf
  5988 | D:5      | Killed Crazy Yiuf
  6054 | D:4      | Gained mutation: You have a pair of small horns on your head. [potion of mutation]
  6054 | D:4      | Gained mutation: Your system is resistant to poisons. [potion of mutation]
  6054 | D:4      | Gained mutation: You occasionally shout uncontrollably at your foes. [potion of mutation]
  6066 | D:4      | HP: 7/41 [something (5)]
  6074 | D:4      | HP: 1/41 [something (5)]
  6074 | D:4      | Slain by a sky beast

Action                   |  1- 3 |  4- 6 |  7- 9 || total
-------------------------+-------+-------+-------++-------
Melee: Unarmed           |    15 |       |       ||    15
       Hand axe          |     1 |       |       ||     1
       Dagger            |     1 |    27 |       ||    28
       Short sword       |       |    22 |    31 ||    53
 Cast: Shock             |    65 |   190 |    34 ||   289
       Static Discharge  |       |    16 |    21 ||    37
       Swiftness         |       |     1 |     1 ||     2
  Use: Potion            |       |       |     5 ||     5
 Stab: Sleeping          |       |     1 |       ||     1
  Eat: Chunk             |     3 |     9 |     4 ||    16
       Pizza             |       |     1 |     1 ||     2

Vault maps used:
D:1:      saegor_arrival_miasma, st_stairs_8, minmay_misc_feat_tiny
D:2:      okawaru_altar_gauntlet_db
D:3:      zin_academy, wad_floor_pattern_1, uniq_iyjb
D:4:      nicolae_tso_besieged_by_evil, nicolae_ossuary_entry_giza
D:5:      lemuel_coloured_pillars_altar, serial_co_window_serial,
          co_window_corner_a, co_window_paths_a, co_window_corner_a,
          co_window_corner_a, co_window_corner_a, co_window_2corner,
          co_window_cross_2, co_window_broadway_a, glass_columns_a,
          glass_columns_a, glass_columns_a, glass_columns_b, first_bread,
          ashenzari_altar_1, uniq_crazy_yiuf_cottage, uniq_menkaure, uniq_edmund

Table legend:
 A = Turns spent in this place as a percentage of turns spent in the entire game.
 B = Non-inter-level travel turns spent in this place as a percentage of non-inter-level travel turns spent in the entire game.
 C = Inter-level travel turns spent in this place as a percentage of turns spent in this place.
 D = Turns resting spent in this place as a percentage of non-inter-level travel turns spent in this place.
 E = Turns spent auto-exploring this place as a percentage of non-inter-level travel turns spent in this place.
 F = Non-inter-level travel turns spent in this place divided by the number of levels of this place that you've seen.
                   A       B       C       D       E      F
               +-------+-------+-------+-------+-------+----------------------
         Total | 100.0 | 100.0 |   0.5 |   5.2 |  11.6 | 338.4
       Dungeon | 100.0 | 100.0 |   0.5 |   5.2 |  11.6 | 338.4
               +-------+-------+-------+-------+-------+----------------------

Table legend:
 A = Kills in this place as a percentage of kills in entire the game.
 B = Kills by you in this place as a percentage of kills by you in the entire game.
 C = Kills by friends in this place as a percentage of kills by friends in the entire game.
 D = Other kills in this place as a percentage of other kills in the entire game.
 E = Experience gained in this place as a percentage of experience gained in the entire game.
 F = Experience gained in this place divided by the number of levels of this place that you have seen.
                   A       B       C       D       E      F
               +-------+-------+-------+-------+-------+----------------------
         Total | 100.0 | 100.0 |  -nan |  -nan | 100.0 | 345.0
       Dungeon | 100.0 | 100.0 |  -nan |  -nan | 100.0 | 345.0
               +-------+-------+-------+-------+-------+----------------------
